 Dungeon Crawl Stone Soup version 0.24-a0-520-g8fd06ad0bc (webtiles) character file.

Game seed: 3205105332832334905

22 KristoblXynda the Charmwright (level 2, 0/22 HPs)
             Began as a Demonspawn Skald on July 23, 2019.
             Slain by a goblin
             ... wielding a +0 dagger
              (3 damage)
             ... on level 1 of the Dungeon.
             The game lasted 00:01:21 (521 turns).

KristoblXynda the Charmwright (Demonspawn Skald)     Turns: 521, Time: 00:01:22

Health: 0/22       AC:  3    Str: 11    XL:     2   Next: 68%
Magic:  5/5        EV: 12    Int: 14    God:
Gold:   0          SH:  4    Dex: 12    Spells: 4/5 levels left

rFire    . . .     SeeInvis .   a - +0 falchion
rCold    . . .     Gourm    .   (no shield)
rNeg     . . .     Faith    .   b - +0 leather armour
rPois    .         Spirit   .   (no helmet)
rElec    .         Reflect  .   (no cloak)
rCorr    .         Harm     .   (no gloves)
MR       .....                  (no boots)
Stlth    +.........             (no amulet)
HPRegen  0.07/turn              (no ring)
MPRegen  0.09/turn              (no ring)

@: no status effects
A: large bone plates 1
a: no special abilities


You were on level 1 of the Dungeon.
You were not hungry.

You visited 1 branch of the dungeon, and saw 1 of its levels.

Inventory:

Hand Weapons
 a - a +0 falchion (weapon)
Armour
 b - a +0 leather armour (worn)
Scrolls
 e - a scroll of teleportation {unknown}
Comestibles
 d - a ration


   Skills:
 - Level 2.0 Fighting
 * Level 2.4 Long Blades
 + Level 1.4 Armour
 + Level 2.1 Dodging
 - Level 2.0 Spellcasting
 - Level 2.6 Charms


You had 4 spell levels left.
You knew the following spells:

 Your Spells              Type           Power        Failure   Level  Hunger
a - Infusion              Chrm           #...         11%         1    ##.....

Your spell library contained the following spells:

 Spells                   Type           Power        Failure   Level  Hunger
 Song of Slaying          Chrm           #.......     16%         2    ###....
 Shroud of Golubria       Chrm/Tloc      #.....       26%         2    ###....
 Regeneration             Chrm/Necr      #.........   47%         3    ####...
 Spectral Weapon          Hex/Chrm       #.......     47%         3    ####...


Dungeon Overview and Level Annotations

Branches:
Dungeon (1/15)

Altars:


Innate Abilities, Weirdness & Mutations

You are partially covered in large bone plates. (SH +4)


Message History

You hit the goblin.
The goblin is heavily wounded.
You block the goblin's attack. The goblin misses you.
Your leather armour prevents you from hitting the goblin.
The goblin is moderately wounded.
You block the goblin's attack.
You hit the goblin but do no damage. The goblin barely misses you.
You hit the goblin but do no damage. The goblin misses you.
You riposte.
You hit the goblin but do no damage.
A kobold comes into view. It is wielding a +0 short sword.
You closely miss the goblin.
The kobold shouts!
The goblin hits you but does no damage.
The kobold throws a stone.
You block the stone.
You hit the goblin but do no damage. The goblin closely misses you.
You riposte.
You closely miss the goblin. The goblin closely misses you.
You riposte.
You hit the goblin but do no damage. You closely miss the goblin.
The goblin hits you with a +0 dagger.
You die...

#..##......#####..#...#...
#..####.......'...#...#...
#<.# ###.....'.)##)(.....
#..####.......'.....#.....
#..##......#####†(#.....#.
#........####.........#.#
#......###..†.......#...#
#....###....†.>........##
#..###.)g@.........#.#.##.
.####...w##.#......#.......
.........(w................
.....##..####....>.........
(.......## #..............
....%....######†..#........
.........>.##.....#........
.#K##.#.....K...$..........
# ...##...................


You could see a dart slug and a goblin.

Vanquished Creatures
  2 leopard geckos (D:1)
  A giant cockroach (D:1)
  4 hobgoblins (D:1)
  3 jackals (D:1)
  3 kobolds (D:1)
  3 bats (D:1)
  A frilled lizard (D:1)
17 creatures vanquished.

Notes
Turn   | Place    | Note
-------+----------+-------------------------------------------
     0 | D:1      | KristoblXynda the Demonspawn Skald began the quest for the
                  | Orb.
     0 | D:1      | Reached XP level 1. HP: 16/16 MP: 3/3
    24 | D:1      | Reached skill level 1 in Armour
   360 | D:1      | Gained mutation: You are partially covered in large bone
                  | plates. (SH +4) [demonic ancestry]
   360 | D:1      | Reached XP level 2. HP: 16/22 MP: 1/5
   446 | D:1      | HP: 1/22 [kobold/+0 club (4)]
   462 | D:1      | HP: 1/22 [dart slug/slug dart (1)]
   521 | D:1      | Slain by a goblin

Levels and vault maps discovered:
D:1:      lemuel_arrival_funnel, layout_rooms

Skill      XL: |  1 |
---------------+----+-----
Armour         | 1 |  1.4
Long Blades    | 2 |  2.4
Dodging        | 2 |  2.1
Fighting       | |  2.0
Spellcasting   | |  2.0
Charms         | |  2.6

Action                   || total
-------------------------++-------
Melee: Falchion          ||    67
 Cast: Infusion          ||     2
Armor: Leather armour    ||    25
Dodge: Dodged            ||    83
Block: Other             ||    28
       Rpst.: Falchion   ||    32

Table legend:
 A = Non-vault XP
 B = Vault XP
 C = Vault XP percentage of total XP
 D = Non-vault monster count
 E = Vault monster count
 F = Vault count percentage of total count
                 A         B        C        D         E       F
            +---------+---------+-------+---------+---------+-------
      Total |      32 |       0 |   0.0 |      17 |       0 |   0.0
            +---------+---------+-------+---------+---------+-------
        D:1 |      32 |       0 |   0.0 |      17 |       0 |   0.0
            +---------+---------+-------+---------+---------+-------
